cohdb
Replays
Latest Replays
All Replays
Popular Replays
Top Player Replays
Match Explorer
How It Works
Community
CoH3 Stats
Reddit
Sign in to upload your games and track your stats! →
Sign in with Steam
Match 39082351
Unlisted
Match 39082351
Overview
Messages
Build Orders
End
Construct Barracks
Riflemen Squad
Selects Advanced Infantry Battlegroup
Riflemen Squad
Riflemen Squad
Infantry Support Center
Construct Weapon Support Center
Selects Convert to Ranger Squad
Construct Medical Station
Convert to Ranger Squad
Selects Frontline Medical Station
Frontline Medical Station
Advanced Logistics
Ranger Squad
Convert to Ranger Squad
Selects Ranger Weapon Training
Survival Training
Improved M9 Bazooka Rockets
Bazooka Squad
Construct Tank Depot
Bazooka Squad
Selects Artillery Observers
Selects M2A1 105mm Howitzer Emplacement
M4(105) Sherman Bulldozer
Selects 155mm Rapid Artillery Barrage
Microsoft Outlook
deadsadbadmad
CarefreeBaka
wilymstjohn
0
0
Comments
sign in to comment!
No comments posted yet!